 Dungeon Crawl Stone Soup version 0.18.1-48-g4cf74bf (webtiles) character file.

21 Implojin the Chopper (level 2, -5/26 HPs)
             Began as a Minotaur Fighter on June 29, 2016.
             Slain by a worm (6 damage)
             ... on level 3 of the Dungeon.
             The game lasted 00:01:01 (187 turns).

Implojin the Chopper (Minotaur Fighter)              Turns: 187, Time: 00:01:02

Health: -5/26      AC:  6    Str: 25    XL:     2   Next: 62%
Magic:  1/1        EV:  7    Int:  5    God:
Gold:   0          SH:  9    Dex:  9    Spells: 0 memorised, 1 level left

rFire  . . .     SeeInvis .     a - +0 war axe
rCold  . . .     Gourm    .     b - +0 scale mail
rNeg   . . .     Faith    .     c - +0 shield
rPois  .         Spirit   .     (helmet restricted)
rElec  .         Dismiss  .     (no cloak)
rCorr  .         Reflect  .     (no gloves)
SustAt .         Harm     .     (no boots)
MR     .....                    (no amulet)
Stlth  ..........               (no ring)
                                (no ring)

@: mighty, not resistant to hostile enchantments, extremely unstealthy
A: retaliatory headbutt, horns 2
a: no special abilities


You were on level 3 of the Dungeon.
You were not hungry.

You visited 1 branch of the dungeon, and saw 3 of its levels.

Inventory:

Hand Weapons
 a - a +0 war axe (weapon)
Armour
 b - a +0 scale mail (worn)
 c - a +0 shield (worn)
Scrolls
 e - a scroll of fog {unknown}
 g - 2 scrolls of identify {unknown}
Potions
 h - a potion of heal wounds {unknown}
Comestibles
 f - 2 bread rations


   Skills:
 - Level 3.6 Fighting
 * Level 3.9 Axes
 - Level 3.6 Armour
 - Level 3.6 Shields


You had one spell level left.
You didn't know any spells.

Dungeon Overview and Level Annotations

Branches:
Dungeon (3/15)

Altars:


Innate Abilities, Weirdness & Mutations

You reflexively headbutt those who attack you in melee.
You have a pair of horns on your head.


Message History

The goblin unwields an uncursed club.
The goblin wields a hunting sling.
The goblin shoots a stone.
The stone barely misses you.
Unknown command.
Unknown command.
You closely miss the kobold. You slash the worm!
The worm is heavily wounded.
You hit the black bear.
The black bear is lightly wounded.
The black bear bites you.
* * * LOW HITPOINT WARNING * * *
The black bear claws you.
* * * LOW HITPOINT WARNING * * *
The black bear barely misses you. You block the worm's attack.
The kobold hits you but does no damage.
The goblin shoots a stone.
You block the stone.
Unknown command.
Unknown command.
Unknown command.
You slash the kobold!
You kill the kobold!
You slash the black bear!
The black bear is heavily wounded.
You barely miss the worm.
The worm is heavily wounded.
The black bear bites you.
* * * LOW HITPOINT WARNING * * *
The black bear claws you but does no damage.
The black bear claws you.
* * * LOW HITPOINT WARNING * * *
The goblin shoots a stone.
You block the stone. The worm bites you but does no damage.
Unknown command.
You barely miss the black bear. You headbutt the black bear!
The black bear is almost dead.
You barely miss the worm.
The worm is moderately wounded.
The black bear goes berserk!
The goblin shoots a stone.
You block the stone. You block the black bear's attack.
The black bear closely misses you. You block the black bear's attack.
The worm bites you.
You die...

#.......#
#....$..####
#..........#
#..........#
.....(.....####
...............
......w)h......
.......@.......
...............
....######.....
..? .... . ..g
.. #


You could see a black bear (berserk), a worm and a goblin.

Vanquished Creatures
  A dart slug (D:2)
  2 giant cockroaches (D:2)
  A goblin (D:1)
  2 hobgoblins (D:2)
  4 jackals (D:2)
  A quokka (D:2)
  2 bats
  A giant newt (D:1)
  2 kobolds
16 creatures vanquished.

Notes
Turn   | Place    | Note
--------------------------------------------------------------
     0 | D:1      | Implojin the Minotaur Fighter began the quest for the Orb.
     0 | D:1      | Reached XP level 1. HP: 19/19 MP: 0/0
   140 | D:2      | Reached skill level 3 in Axes
   156 | D:2      | Reached XP level 2. HP: 16/26 MP: 1/1
   183 | D:3      | Noticed a black bear
   186 | D:3      | HP: 1/26 [black bear (2)]
   187 | D:3      | Slain by a worm

Skill      XL: |  1 |
---------------+----+-----
Axes           | 3 |  3.9
Fighting       | |  3.6
Armour         | |  3.6
Shields        | |  3.6

Action                   || total
-------------------------++-------
Melee: War axe           ||    38
       Headbutt          ||     7
  Use: Potion            ||     1
Armor: Scale mail        ||    33
Dodge: Dodged            ||    19
Block: Shield            ||    33

Table legend:
 A = Turns spent in this place as a percentage of turns spent in the entire game.
 B = Non-inter-level travel turns spent in this place as a percentage of non-inter-level travel turns spent in the entire game.
 C = Inter-level travel turns spent in this place as a percentage of turns spent in this place.
 D = Turns resting spent in this place as a percentage of non-inter-level travel turns spent in this place.
 E = Turns spent auto-exploring this place as a percentage of non-inter-level travel turns spent in this place.
 F = Non-inter-level travel turns spent in this place divided by the number of levels of this place that you've seen.
                   A       B       C       D       E      F
               +-------+-------+-------+-------+-------+----------------------
         Total | 100.0 | 100.0 |   0.0 |   0.0 |   0.0 |  65.7
       Dungeon | 100.0 | 100.0 |   0.0 |   0.0 |   0.0 |  65.7
               +-------+-------+-------+-------+-------+----------------------

Table legend:
 A = Kills in this place as a percentage of kills in entire the game.
 B = Kills by you in this place as a percentage of kills by you in the entire game.
 C = Kills by friends in this place as a percentage of kills by friends in the entire game.
 D = Other kills in this place as a percentage of other kills in the entire game.
 E = Experience gained in this place as a percentage of experience gained in the entire game.
 F = Experience gained in this place divided by the number of levels of this place that you have seen.
                   A       B       C       D       E      F
               +-------+-------+-------+-------+-------+----------------------
         Total | 100.0 | 100.0 |  -nan |  -nan | 100.0 |  10.0
       Dungeon | 100.0 | 100.0 |  -nan |  -nan | 100.0 |  10.0
               +-------+-------+-------+-------+-------+----------------------
